 Dungeon Crawl Stone Soup version 0.21-a0-150-gc243083 (webtiles) character file.

91 Lunath the Twirler (level 4, -4/35 HPs)
             Began as a Demonspawn Gladiator on July 27, 2017.
             Slain by Sigmund
             ... wielding a +0 scythe
              (5 damage)
             ... on level 2 of the Dungeon.
             The game lasted 00:04:21 (1437 turns).

Lunath the Twirler (Demonspawn Gladiator)           Turns: 1437, Time: 00:04:22

Health: -4/35      AC:  4    Str: 14    XL:     4   Next: 34%
Magic:  4/4        EV: 13    Int:  9    God:
Gold:   20         SH:  0    Dex: 16    Spells: 3/3 levels left

rFire    . . .     SeeInvis .   a - +0 quarterstaff
rCold    . . .     Gourm    .   (shield currently unavailable)
rNeg     . . .     Faith    .   b - +0 leather armour
rPois    .         Spirit   .   c - +0 helmet
rElec    .         Reflect  .   (no cloak)
rCorr    .         Harm     .   (no gloves)
MR       .....                  (no boots)
Stlth    +.........             (no amulet)
HPRegen  0.11/turn              (no ring)
MPRegen  0.09/turn              (no ring)

@: no status effects
A: spiny 2
a: no special abilities


You were on level 2 of the Dungeon.
You were not hungry.

You visited 1 branch of the dungeon, and saw 2 of its levels.

You collected 20 gold pieces.

Inventory:

Hand Weapons
 a - a +0 quarterstaff (weapon)
Missiles
 d - 3 throwing nets (quivered)
Armour
 b - a +0 leather armour (worn)
 c - a +0 helmet (worn)
Wands
 l - a wand of polymorph (4/24)
Scrolls
 k - 4 scrolls of identify {unknown}
 n - a scroll of amnesia {unknown}
Potions
 e - a potion of flight {unknown}
 g - a potion of agility {unknown}
 i - a potion of mutation {unknown}
 m - a potion of brilliance {unknown}
Comestibles
 f - 3 bread rations
 h - 6 chunks of flesh
 j - 9 fruits


   Skills:
 + Level 3.0 Fighting
 * Level 3.9 Staves
 - Level 1.7 Throwing
 + Level 3.1 Dodging


You had 3 spell levels left.
You didn't know any spells.

Dungeon Overview and Level Annotations

Branches:
Dungeon (2/15)

Altars:
Fedhas
Trog
Uskayaw
Vehumet

Annotations:
D:2 Sigmund


Innate Abilities, Weirdness & Mutations

You are mostly covered in sharp spines.


Message History

You are too injured to fight recklessly!
Something hits you.
* * * LOW HITPOINT WARNING * * *
You are too injured to fight recklessly!
You are too injured to fight recklessly!
You are too injured to fight recklessly!
You hit the jackal but do no damage.
The jackal is almost dead.
The jackal is struck by your spines.
You kill the jackal!
You hit the jackal.
The jackal is heavily wounded.
Something barely misses you. The jackal barely misses you.
You hit the jackal.
You kill the jackal!
Something hits you!
* * * LOW HITPOINT WARNING * * *
You barely miss the jackal. The jackal completely misses you.
Something hits you.
You die...

#....# ...#.#
#....####################
...................(.....
#.......................
.>.....########..####.###
..(.....# #..##.h...#
........# #).#)......
........# #.@#.......
........# #..h..._...
........# #..#{......
#..#....... #..##.....#
#..# ##.### #... ... #...
... ### ##


You could see a jackal.

Vanquished Creatures
  Jessica (D:2)
  Robin (D:2)
  2 worms (D:2)
  6 bats (D:1)
  A giant cockroach (D:1)
  10 goblins
  6 hobgoblins
  5 jackals
  6 kobolds
  4 frilled lizards
  3 rats
45 creatures vanquished.

Vanquished Creatures (others)
  A goblin (D:2)
1 creature vanquished.

Grand Total: 46 creatures vanquished

Notes
Turn   | Place    | Note
-------+----------+-------------------------------------------
     0 | D:1      | Lunath the Demonspawn Gladiator began the quest for the Orb.
     0 | D:1      | Reached XP level 1. HP: 16/16 MP: 1/1
   222 | D:1      | Gained mutation: You are partially covered in sharp spines. [demonic ancestry]
   222 | D:1      | Reached XP level 2. HP: 22/22 MP: 2/2
   714 | D:2      | Noticed Robin
   728 | D:2      | Reached XP level 3. HP: 20/28 MP: 3/3
   750 | D:2      | Killed Robin
   902 | D:2      | Found a radiant altar of Vehumet.
  1245 | D:2      | Found a bloodstained altar of Trog.
  1289 | D:2      | Noticed Jessica
  1299 | D:2      | Killed Jessica
  1299 | D:2      | Gained mutation: You are mostly covered in sharp spines. [demonic ancestry]
  1299 | D:2      | Reached XP level 4. HP: 32/34 MP: 4/4
  1363 | D:2      | Found a blossoming altar of Fedhas.
  1426 | D:2      | Noticed Sigmund
  1426 | D:2      | Found a hide-covered altar of Uskayaw.
  1436 | D:2      | HP: 1/35 [something (8)]
  1437 | D:2      | Slain by Sigmund

Vault maps used:
D:1:      sevenhm_arrival_forest_fort_small_4, kennysheep_another_room
D:2:      fedhas_altar_fruit_tree, lightli_temple_of_fire, lemuel_round_altar,
          old_standard_altar, lemuel_coloured_pillars_altar,
          minmay_misc_feat_enclosed, uniq_jessica, uniq_robin, uniq_sigmund

Skill      XL: |  1  2  3  4 |
---------------+-------------+-----
Staves         | 3 |  3.9
Dodging        | 3 |  3.1
Fighting       | 3 |  3.0
Throwing       | |  1.7

Action                   |  1- 3 |  4- 6 || total
-------------------------+-------+-------++-------
Melee: Quarterstaff      |    85 |    12 ||    97
  Eat: Chunk             |     1 |     1 ||     2
Armor: Leather armour    |    14 |     2 ||    16
Dodge: Dodged            |    62 |     7 ||    69
